AoeStats
← dashuaibi

Arena

508830967Analyzed
4v4 RM · 9d ago on Sep 24, 2026· 33m 54s· 8 players
Game mode
Random Map
Map size
Large (8 player)
Population
200
Speed
Normal
Resources
Standard
Victory
Conquest
Starting age
Dark Age
Ending age
Imperial Age
RankedLock teamsTeams togetherTeam positionsShared explorationLock speedFull tech treeHidden civsTurbo modeCheats
Victory
Defeat
🇨🇳 Franks · China
1427
+13
🇨🇳 Spanish · China
1405
+14
🇦🇺 Wu · Australia
1334
+17
🇧🇩 Celts · Bangladesh
1305
+18
🇭🇰 Varangians · Hong Kong SAR China
1422
-19
🇬🇧 Saxons · United Kingdom
1356
-15
🇨🇳 Byzantines · China
1336
-15
🇪🇸 Byzantines · Spain
1291
-13
Oliver
6:26 Loom
8:28 Feudal Age
9:21 Double-Bit Axe
10:17 Fletching
23:25 Castle Age
25:29 Bodkin Arrow
26:54 Padded Archer Armor
26:41 Elite Skirmisher
29:00 Leather Archer Armor
31:36 Ballistics
31:40 Crossbowman
Sauri17
9:29 Feudal Age
14:47 Castle Age
19:24 Double-Bit Axe
19:37 Horse Collar
19:45 Loom
24:44 Bow Saw
25:24 Wheelbarrow
25:51 Heavy Plow
26:53 Hand Cart
32:14 Imperial Age
31:06 Scale Barding Armor
31:11 Forging
dashuaibi
10:46 Feudal Age
15:06 Castle Age
13:26 Double-Bit Axe
14:21 Horse Collar
22:17 Bow Saw
23:36 Gold Mining
23:36 Stone Mining
24:59 Wheelbarrow
24:10 Loom
LiBi
9:53 Feudal Age
13:39 Castle Age
11:44 Double-Bit Axe
12:37 Horse Collar
14:44 Bow Saw
21:36 Wheelbarrow
24:28 Gold Mining
28:21 Imperial Age
26:08 Hand Cart
25:40 Loom
26:11 Heavy Plow
26:11 Stone Mining
26:34 Forging
28:28 Scale Barding Armor
28:59 Iron Casting
29:16 Husbandry
29:27 Bloodlines
30:00 Stone Shaft Mining
30:22 Chain Barding Armor
29:24 Cavalier
31:09 Two-Man Saw
29:45 Elite Jarl
30:46 Conscription
31:01 Vendel Legacy
32:39 Plate Barding Armor
33:04 Blast Furnace
S6
10:56 Feudal Age
12:39 Loom
17:04 Castle Age
23:55 Padded Archer Armor
26:18 Leather Archer Armor
28:00 Double-Bit Axe
29:24 Wheelbarrow
29:51 Bloodlines
29:42 Husbandry
33:26 Imperial Age
32:08 Hand Cart
32:59 Bow Saw
Alicat
10:25 Feudal Age
14:38 Castle Age
12:50 Double-Bit Axe
13:01 Horse Collar
16:17 Bow Saw
21:51 Wheelbarrow
23:35 Loom
23:54 Gold Mining
28:13 Imperial Age
26:39 Fletching
26:55 Stone Mining
26:58 Treadmill Crane
27:58 Bodkin Arrow
28:27 Padded Archer Armor
29:13 Red Cliffs Tactics
30:25 Two-Man Saw
29:26 Heavy Plow
29:51 Bracer
30:13 Ballistics
32:01 Chemistry
31:23 Conscription
31:39 Leather Archer Armor
31:29 Elite Fire Archer
Gunslinger
11:25 Feudal Age
12:13 Double-Bit Axe
16:26 Castle Age
17:40 Bow Saw
17:12 Horse Collar
26:57 Scale Mail Armor
32:45 Chain Mail Armor
33:45 Gold Mining
男高杀手
10:05 Feudal Age
14:22 Castle Age
12:49 Double-Bit Axe
16:13 Bow Saw
21:49 Wheelbarrow
24:27 Gold Mining
28:13 Imperial Age
26:35 Gold Shaft Mining
27:05 Husbandry
27:11 Scale Barding Armor
27:18 Forging
28:31 Chain Barding Armor
28:14 Stone Mining
28:32 Loom
28:32 Town Watch
28:16 Cavalier
30:07 Iron Casting
29:49 Paladin
31:42 Conscription
33:07 Plate Barding Armor
35:00 Blast Furnace
Connection lost

Rejoining the realm…

Still unreachable

The connection could not be restored.

Session expired

The server has moved on; the page needs a fresh start.